 Dungeon Crawl Stone Soup version 0.22.0-32-gbc6daba (webtiles) character file.

173 Monsterracer the Slasher (level 5, -18/32 HPs)
             Began as a Deep Elf Monk on Aug 23, 2018.
             Was a High Priest of Jiyva.
             Demolished by an ogre
             ... wielding a +0 giant club
              (21 damage)
             ... on level 5 of the Dungeon.
             The game lasted 00:04:31 (4229 turns).

Monsterracer the Slasher (Deep Elf Monk)            Turns: 4229, Time: 00:04:33

Health: -18/32     AC: 10    Str: 12    XL:     5   Next: 28%
Magic:  7/7        EV:  6    Int: 14    God:    Jiyva [*****.]
Gold:   111        SH:  0    Dex: 17    Spells: 4/4 levels left

rFire    . . .     SeeInvis .   a - +0 falchion
rCold    + . .     Gourm    .   (no shield)
rNeg     . . .     Faith    .   q - +0 chain mail
rPois    .         Spirit   .   (no helmet)
rElec    .         Reflect  .   (no cloak)
rCorr    +         Harm     .   (no gloves)
MR       .....                  (no boots)
Stlth    ..........             (no amulet)
HPRegen  0.00/turn              s - +2 ring of protection
MPRegen  0.10/turn              (no ring)

@: no status effects
A: cold resistance 1, inhibited regeneration, strong 1
a: Request Jelly, Slimify, Cure Bad Mutation, Renounce Religion


You were on level 5 of the Dungeon.
You worshipped Jiyva.
Jiyva was extremely pleased with you.
You were not hungry.

You visited 1 branch of the dungeon, and saw 5 of its levels.

You collected 111 gold pieces.

Inventory:

Hand Weapons
 a - a +0 falchion (weapon)
Armour
 q - a +0 chain mail (worn)
Jewellery
 s - a +2 ring of protection (left hand)
Wands
 t - a wand of enslavement (17)
Scrolls
 f - a scroll of enchant weapon {unknown}
 h - a scroll of teleportation {!r}
 i - 2 scrolls of noise {unknown}
 k - a scroll of remove curse {unknown}
 n - 3 scrolls of identify {unknown}
 p - a scroll of blinking {unknown}
Potions
 b - a potion of lignification
 l - a potion of brilliance
 m - a potion of ambrosia {unknown}
 o - a potion of invisibility {unknown}
 r - a potion of haste {unknown}
Comestibles
 c - 6 rations


   Skills:
 + Level 3.4 Fighting
 * Level 4.7 Long Blades
 - Level 3.6 Dodging
 - Level 2.4 Stealth


You had 4 spell levels left.
You didn't know any spells.
Your spell library was empty.

Dungeon Overview and Level Annotations

Branches:
Dungeon (5/15)
 Temple: D:4-7

Altars:
Cheibriados
Elyvilon
Sif Muna
Jiyva


Innate Abilities, Weirdness & Mutations

Your flesh is cold resistant. (rC+)
You do not regenerate when monsters are visible.
Your muscles are strong. (Str +2)


Message History

You feel sick.
You feel sick.
You hear a slurping noise.
You feel your power returning.
You feel sick.
You feel sick.
You hear a slurping noise.
You feel a little less hungry.
You feel sick.
You are no longer poisoned.
Magic restored.
A giant cockroach comes into view.
You take 1 damage, and have 5/32 hp.
MP restored: 7 A giant cockroach is nearby!
Unknown command.
Okay, then.
The giant cockroach bites you but does no damage.
You hit the giant cockroach.
You kill the giant cockroach!
You hear a distant slurping noise.
You feel a little less hungry.
You feel better.
Key pressed, stopping explore.
Key pressed, stopping explore.
Key pressed, stopping explore.
Key pressed, stopping explore.
Key pressed, stopping explore.
Unknown command.
You regained 9 hp, and now have 14/32 hp.
Unknown command.
Unknown command.
Jiyva says: Divide and consume!
You hear a distant slurping noise.
You feel a little less hungry.
You feel better.
You hear a distant slurping noise.
You feel a little less hungry.
You feel better.
You hear a distant slurping noise.
You feel a little less hungry.
You feel better.
You hear a squelching noise.
You hear a distant slurping noise.
You feel a little less hungry.
You feel better.
You hear a distant slurping noise.
Jiyva appreciates your sacrifice.
You feel a little less hungry.
You feel better.
You hear a distant slurping noise.
Jiyva appreciates your sacrifice.
You feel a little less hungry.
You hear a distant slurping noise.
Key pressed, stopping explore.
HP restored.
An ogre comes into view. It is wielding a giant club.
The ogre shouts!
The ogre moves out of view.
Health restored: 32 The ogre is too close now for your liking.
An ogre is nearby!
Wear which item? (? for menu, Esc to quit)
Okay, then.
You hit the ogre.
The ogre is lightly wounded.
The ogre closely misses you.
You slash the ogre!
The ogre is heavily wounded.
The ogre barely misses you.
You hit the ogre.
The ogre is heavily wounded.
You hit the ogre but do no damage.
The ogre is heavily wounded.
The ogre barely misses you.
You hit the ogre.
The ogre is heavily wounded.
The ogre hits you with a giant club.
You take 1 damage, and have 31/32 hp.
You hit the ogre.
The ogre is severely wounded.
The ogre hits you with a giant club!
* * * LOW HITPOINT WARNING * * *
You take 15 damage, and have 16/32 hp.
MASSIVE DAMAGE!!
You hit the ogre but do no damage.
The ogre is severely wounded.
The ogre hits you with a giant club.
* * * LOW HITPOINT WARNING * * *
You take 4 damage, and have 12/32 hp.
Unknown command.
You swap places.
There is a stone staircase leading up, spattered with blood here.
You hit the ogre but do no damage.
The ogre is severely wounded.
The ogre barely misses you.
You riposte.
You barely miss the ogre.
The ogre is severely wounded.
You hit the ogre.
The ogre is severely wounded.
The ogre hits you with a giant club!
* * * LOW HITPOINT WARNING * * *
You take 9 damage, and have 3/32 hp.
MASSIVE DAMAGE!!
You hit the ogre.
The ogre is almost dead.
The ogre hits you with a giant club!!
Ouch! That really hurt!
You die...

#. #. . ##.#.
#J...
#...######## .
#..........#...
#..............
#.##...#.O@.....#
#........#.######
#......#.........
.......>...#.####
....##........#
... #.....#..# ##
#.#####..# #. ..#
.. ..


You could see an ogre and a neutral jelly (fellow slime).

Vanquished Creatures
  A scorpion (D:4)
  A hound skeleton (D:4)
  3 gnolls
  2 adders (D:3)
  A dart slug (D:1)
  4 orcs (D:3)
  3 giant cockroaches
  5 hobgoblins
  5 jackals
  3 quokkas
  A ball python (D:3)
  6 bats
  2 frilled lizards
  6 goblins
  3 kobolds
  8 rats
54 creatures vanquished.

Vanquished Creatures (others)
  2 jellies (D:5)
  An orc wizard (D:3)
  An orc priest (D:4)
  A worker ant (D:4)
  4 gnolls
  An adder skeleton (D:2)
  A dart slug (D:3)
  A leopard gecko (D:3)
  13 orcs
  A bat (D:2)
  2 hobgoblins (D:3)
  A quokka (D:3)
  A ball python (D:4)
  A frilled lizard (D:2)
  A rat (D:3)
  2 plants (D:3)
34 creatures vanquished.

Grand Total: 88 creatures vanquished

Notes
Turn   | Place    | Note
-------+----------+-------------------------------------------
     0 | D:1      | Monsterracer the Deep Elf Monk began the quest for the Orb.
     0 | D:1      | Reached XP level 1. HP: 13/13 MP: 3/3
   220 | D:1      | Reached skill level 3 in Long Blades
   425 | D:1      | Reached XP level 2. HP: 18/18 MP: 4/4
   923 | D:2      | Found a faded altar of an unknown god.
   943 | D:2      | Became a worshipper of Jiyva Jaelot the Shapeless
   943 | D:2      | Reached * piety under Jiyva
   943 | D:2      | Reached ** piety under Jiyva
   963 | D:2      | Found a white marble altar of Elyvilon.
  1286 | D:2      | Reached *** piety under Jiyva
  1611 | D:3      | Reached XP level 3. HP: 22/22 MP: 5/5
  1793 | D:3      | HP: 11/22 [poisoned by an adder]
  1798 | D:3      | HP: 9/22 [poisoned by an adder]
  1805 | D:3      | HP: 8/22 [poisoned by an adder]
  1813 | D:3      | HP: 6/22 [poisoned by an adder]
  2195 | D:3      | HP: 10/23 [orc/hand axe (6)]
  2200 | D:3      | HP: 7/23 [poisoned by a kobold]
  2203 | D:3      | HP: 3/23 [poisoned by a kobold]
  2274 | D:3      | Gained mutation: You do not regenerate when monsters are visible. [Jiyva's grace]
  2505 | D:3      | Reached skill level 4 in Long Blades
  2518 | D:3      | Reached XP level 4. HP: 17/28 MP: 6/6
  2520 | D:3      | Reached **** piety under Jiyva
  2663 | D:3      | Found a snail-covered altar of Cheibriados.
  2940 | D:3      | HP: 12/28 [gnoll/club (5)]
  3254 | D:4      | Reached XP level 5. HP: 17/32 MP: 7/7
  3426 | D:4      | Gained mutation: Your flesh is cold resistant. (rC+) [Jiyva's grace]
  3510 | D:4      | HP: 12/32 [gnoll (6)]
  3525 | D:4      | Reached ***** piety under Jiyva
  3572 | D:4      | Gained mutation: Your muscles are strong. (Str +2) [Jiyva's grace]
  3969 | D:4      | Found a deep blue altar of Sif Muna.
  4024 | D:5      | Entered Level 5 of the Dungeon
  4035 | D:5      | HP: 16/32 [scorpion (1)]
  4040 | D:5      | HP: 7/32 [scorpion (4)]
  4047 | D:5      | HP: 5/32 [poisoned by a scorpion]
  4055 | D:5      | HP: 4/32 [poisoned by a scorpion]
  4211 | D:5      | Noticed an ogre
  4220 | D:5      | HP: 16/32 [ogre/giant club (15)]
  4228 | D:5      | HP: 3/32 [ogre/giant club (9)]
  4229 | D:5      | Demolished by an ogre

Skill      XL: |  1  2  3 |
---------------+----------+-----
Long Blades    | 3 4 |  4.7
Fighting       | 3 |  3.4
Dodging        | |  3.6
Stealth        | |  2.4

Action                   |  1- 3 |  4- 6 || total
-------------------------+-------+-------++-------
Melee: Falchion          |   161 |    93 ||   254
Throw: Throwing net      |       |     1 ||     1
Invok: Slimify           |       |     1 ||     1
  Use: Potion            |     5 |       ||     5
       Scroll            |       |     1 ||     1
 Stab: Sleeping          |     3 |       ||     3
  Eat: Chunk             |     3 |     1 ||     4
Armor: Robe              |     2 |       ||     2
       Chain mail        |    60 |     8 ||    68
       Ring mail         |    36 |    19 ||    55
Dodge: Dodged            |   102 |    60 ||   162
       Rpst.: Falchion   |    34 |    15 ||    49

Vault maps used:
D:1:      lightli_arrival_chessboard
D:2:      chequers_ecumenical_altar_island, elyvilon_altar_4
D:3:      serial_forest, infiniplex_forest_lined_corner,
          infiniplex_forest_lined_room_2, infiniplex_forest_end_1,
          infiniplex_forest_clump_large, infiniplex_forest_lined_3_way,
          infiniplex_forest_corner_2, infiniplex_forest_lined_room_,
          infiniplex_forest_join, infiniplex_forest_clump_small,
          infiniplex_forest_clump_double, kennysheep_slug_shrine
D:4:      first_ration, minmay_misc_feat_cross, led_sif_pool
D:5:      nicolae_ashenzari_panopticon, nicolae_ru_great_annihilating_truth,
          uniq_crazy_yiuf_cottage
